 Dungeon Crawl Stone Soup version 0.31.0-12-g77e489cdc1 (webtiles) character file.

Game seed: 4064403299489543778

1386 Bobsterar the Shield-Bearer (level 8, -1/67 HPs)
             Began as an Armataur Fighter on Mar 6, 2024.
             Was a Priest of Makhleb.
             Succumbed to a killer bee's poison
             ... on level 5 of the Dungeon on Mar 7, 2024.
             The game lasted 00:16:54 (4284 turns).

Bobsterar the Shield-Bearer (Armataur Fighter)      Turns: 4284, Time: 00:16:54

Health: -1/67      AC:  8    Str: 24    XL:     8   Next: 40%
Magic:  8/8        EV:  7    Int:  8    God:    Makhleb [***...]
Gold:   294        SH:  5    Dex: 10    Spells: 7/7 levels left

rFire   . . .        a - +0 trident (chaos)
rCold   . . .        c - +0 buckler
rNeg    . . .        g - +0 chain mail
rPois   .            (no helmet)
rElec   .            A - scarf {+Inv}
rCorr   .            (no gloves)
SInv    .            (no barding)
Will    .....        (no amulet) Stlth
                     (no ring)
HPRegen 0.31/turn    (no ring)
MPRegen 0.11/turn

%: roll
@: mighty, lethally poisoned (-1 -> -7)
A: large, deformed body, tough skin 3, armoured tail, roll 2
a: Renounce Religion, Evoke Invisibility, Minor Destruction, Lesser Servant of
Makhleb


You were on level 5 of the Dungeon.
You worshipped Makhleb.
Makhleb was most pleased with you.
You visited 1 branch of the dungeon, and saw 5 of its levels.

You collected 294 gold pieces.

Inventory:

Hand Weapons
 a - a +0 trident of chaos (weapon)
Armour
 b - a +0 scale mail
 c - a +0 buckler (worn)
 g - a +0 chain mail (worn)
 A - a scarf of invisibility (worn)
Magical Staves
 n - a staff of conjuration
 y - a staff of fire
Jewellery
 r - a ring of ice
Talismans
 f - a talisman of death
 z - a blade talisman
Wands
 t - a wand of paralysis (10)
 B - a wand of flame (27)
 C - a wand of digging (4)
Scrolls
 i - 2 scrolls of enchant armour
 k - 3 scrolls of fog
 m - 2 scrolls of revelation {unknown}
 o - a scroll of poison {unknown}
 s - a scroll of amnesia {unknown}
 w - a scroll of noise {unknown}
Potions
 d - 2 potions of might
 e - 2 potions of heal wounds {unknown}
 l - 3 potions of curing {unknown}
 p - a potion of enlightenment {unknown}
 q - a potion of lignification {unknown}
 u - a potion of magic {unknown}
 v - a potion of attraction {unknown}
 x - a potion of haste {unknown}


   Skills:
 + Level 4.5 Fighting
 + Level 3.5 Polearms
 - Level 5.0 Armour
 * Level 3.4 Dodging
 + Level 5.4 Shields
 + Level 1.8 Unarmed Combat
 * Level 3.7 Shapeshifting


You had 7 spell levels left.
You didn't know any spells.
Your spell library contained the following spells:

 Spells                   Type           Power      Damage    Failure   Level
 Dazzling Flash           Conj/Hex       0%         N/A       100%        3
 Mephitic Cloud           Conj/Alch/Air  0%         N/A       100%        3
 Tukima's Dance           Hex            0%         N/A       100%        3
 Dimensional Bullseye     Hex/Tloc       0%         N/A       100%        4
 Iskenderun's Mystic Bla  Conj/Tloc      0%         2d3       100%        4
 Curse of Agony           Necr           0%         N/A       100%        5
 Silence                  Hex/Air        0%         N/A       100%        5


Dungeon Overview and Level Annotations

Branches:
Dungeon (5/15)
 Temple: D:4-7

Altars:
Elyvilon
Makhleb

Annotations:
D:5 1 transporter, MiniGinger's ghost, amateur GnRe


Innate Abilities, Weirdness & Mutations

Armour fits poorly on your strangely shaped body.
You have extremely tough skin. (AC +3)
You have a long armoured tail.
You regenerate magic and health when rolling toward enemies. (Rampage Regen)


Message History

You feel very sick. The killer bee barely misses you.
The killer bee stings you.
* * * LOW HITPOINT WARNING * * *
The killer bee barely misses you. The killer bee stings you.
* * * LOW HITPOINT WARNING * * *
You are lethally poisoned!
The killer bee poisons you! The killer bee stings you.
* * * LOW HITPOINT WARNING * * *
You are more poisoned.
The killer bee poisons you! The killer bee stings you.
* * * LOW HITPOINT WARNING * * *
* * * LOW HITPOINT WARNING * * *
You feel very sick.
The killer bee stings you but does no damage.
* * * LOW HITPOINT WARNING * * *
You feel very sick. The killer bee closely misses you.
You are too injured to fight recklessly!
You closely miss the killer bee.
Your tail-slap misses the killer bee.
The killer bee is severely wounded.
You feel less invigorated.
You feel less confused.
* * * LOW HITPOINT WARNING * * *
You feel very sick. The killer bee stings you.
* * * LOW HITPOINT WARNING * * *
The killer bee stings you but does no damage.
The killer bee barely misses you.
You puncture the killer bee! You burn the killer bee.
You kill the killer bee!
Makhleb accepts your kill.
* * * LOW HITPOINT WARNING * * *
You feel very sick. You block the killer bee's attack.
The killer bee stings you but does no damage.
As you read the scroll of fog, it dissolves into smoke.
* * * LOW HITPOINT WARNING * * *
You feel sick. You block the killer bee's attack.
The killer bee stings you but does no damage.
You die...

##.).##....#####....##
##..................###
#........<.......#...#
##................##.#
####.........###.###..#.#
...........[#########...#
...........###§###.###..#
#.##........##§§.#...##..#
..
..##......##@#####.##..# .
.. #......##§§.#...##..#
... #......#§#y#.#.#$#..#
#......#§.#§..#.!#..#
##.....©#©.#.#.#.y#©.#
.#.......#..#...#.y#.##
§........#.#.#.#.#.#.#
....)....##...#...##.#
.........##.#!#.#.##.#


You could see a killer bee.

Vanquished Creatures
  Menkaure (D:5)
  A black bear (D:4)
  A centaur (D:4)
  4 ogres
  A phantom (D:4)
  2 scorpions (D:4)
  A killer bee (D:5)
  A jelly (D:5)
  A bombardier beetle (D:5)
  2 hounds
  A gnoll bouda (D:4)
  2 iguanas (D:4)
  Ijyb (D:5)
  12 adders
  2 shadow imps
  A white imp (D:3)
  2 ufetubi (D:5)
  The ghost of Yutkill the Gusty, a weakling DrAE (D:3)
  3 dart slugs
  A ribbon worm (D:3)
  5 orcs
  4 bats
  6 endoplasms
  6 giant cockroaches
  9 goblins
  7 hobgoblins
  15 jackals
  5 kobolds
  3 quokkas
  6 ball pythons
  6 frilled lizards
  4 rats
117 creatures vanquished.

Vanquished Creatures (collateral kills)
  A hobgoblin (D:4)
1 creature vanquished.

Vanquished Creatures (others)
  A sky beast (D:4)
1 creature vanquished.

Grand Total: 119 creatures vanquished

Notes
Turn   | Place    | Note
-------+----------+-------------------------------------------
     0 | D:1      | Bobsterar the Armataur Fighter began the quest for the Orb.
     0 | D:1      | Reached XP level 1. HP: 18/18 MP: 1/1
   254 | D:1      | Reached XP level 2. HP: 25/25 MP: 2/2
   720 | D:2      | Reached XP level 3. HP: 20/31 MP: 3/3
   910 | D:2      | Found a faded altar of an unknown god.
   925 | D:2      | Prayed at the altar of an unknown god.
   925 | D:2      | Became a worshipper of Makhleb the Destroyer
   925 | D:2      | Reached * piety under Makhleb
  1574 | D:3      | Reached XP level 4. HP: 37/38 MP: 4/4
  1715 | D:3      | Found a white marble altar of Elyvilon.
  1726 | D:3      | Found a transporter.
  1727 | D:3      | Noticed Yutkill's ghost (weakling DrAE)
  1728 | D:3      | Found a transporter.
  1741 | D:3      | Killed Yutkill's ghost
  1770 | D:3      | Reached ** piety under Makhleb
  2393 | D:4      | Reached XP level 5. HP: 23/45 MP: 5/5
  2425 | D:4      | HP: 1/45 [hound (2)]
  2427 | D:4      | Reached skill level 1 in Dodging
  2427 | D:4      | Reached skill level 1 in Shapeshifting
  2691 | D:4      | Noticed a phantom
  2706 | D:4      | Killed a phantom
  2707 | D:4      | Reached XP level 6. HP: 51/51 MP: 6/6
  2934 | D:4      | Reached skill level 5 in Armour
  3149 | D:4      | Gained mutation: You regenerate magic and health when
                  | rolling toward enemies. (Rampage Regen) [Armataur growth]
  3149 | D:4      | Reached XP level 7. HP: 58/58 MP: 7/7
  3298 | D:4      | Reached *** piety under Makhleb
  3547 | D:4      | Reached skill level 5 in Shields
  3547 | D:4      | Reached skill level 1 in Unarmed Combat
  3749 | D:5      | Entered Level 5 of the Dungeon
  3802 | D:5      | Noticed Ijyb
  3821 | D:5      | Paralysed by Ijyb for 4 turns
  3828 | D:5      | Killed Ijyb
  3885 | D:5      | Noticed Menkaure
  3890 | D:5      | Killed Menkaure
  3891 | D:5      | Reached XP level 8. HP: 58/66 MP: 8/8
  4193 | D:5      | Noticed a hornet
  4206 | D:5      | Found a transporter.
  4211 | D:5      | Found a transporter.
  4212 | D:5      | Noticed MiniGinger's ghost (amateur GnRe)
  4278 | D:5      | HP: 3/67 [killer bee (5)]
  4283 | D:5      | HP: 1/67 [poisoned by a killer bee]
  4284 | D:5      | Succumbed to a killer bee's poison

Illustrated notes

Levels and vault maps discovered:
D:1:      dpeg_arrival_concentric_ovals, layout_basic
D:2:      layout_loops_ring, hellmonk_ecumenical_altar_lost_god
D:3:      layout_basic, mainiacjoe_overflow_tiny_flanked, gammafunk_ghost_arena
D:4:      minmay_opposing_rooms, layout_rooms, nzn_random_ring
D:5:      layout_layer_cave, nicolae_qazlal_general_emergency,
          mainiacjoe_overflow_alcove_2, gammafunk_ghost_hive, uniq_ijyb,
          uniq_menkaure

Skill      XL: |  1  2  3  4  5  6  7 |
---------------+----------------------+-----
Fighting       | 3 4 |  4.5
Polearms       | 2 3 |  3.5
Armour         | 4 5 |  5.0
Shields        | 4 5 |  5.4
Dodging        | 1 2 3 |  3.4
Shapeshifting  | 1 2 3 |  3.7
Unarmed Combat | 1 |  1.8

Action                     |  1- 3 |  4- 6 |  7- 9 || total
---------------------------+-------+-------+-------++-------
  Melee: Trident           |    89 |   170 |   140 ||   399
         Tailslap          |     6 |    21 |     9 ||    36
 Invoke: Minor Destruction |       |     1 |       ||     1
  Evoke: Wand              |       |       |     4 ||     4
    Use: Scroll            |     3 |     2 |     3 ||     8
         Potion            |       |     1 |     2 ||     3
   Stab: Petrified         |       |     5 |       ||     5
         Confused          |       |       |     1 ||     1
 Armour: Chain mail        |    74 |   183 |   164 ||   421
  Dodge: Dodged            |    26 |    76 |    84 ||   186
  Block: Buckler           |    14 |    45 |    29 ||    88
